 Dungeon Crawl Stone Soup version 0.28.0-43-g3370ac3207 (webtiles) character file.

Game seed: 8936957390762639912

55 Ablot the Grasshopper (level 3, -2/31 HPs)
             Began as a Gnoll Warper on Mar 23, 2022.
             Frozen to death by an endoplasm (4 damage)
             ... on level 3 of the Dungeon.
             The game lasted 00:01:59 (1650 turns).

Ablot the Grasshopper (Gnoll Warper)                Turns: 1650, Time: 00:01:59

Health: -2/31      AC:  5    Str: 12    XL:     3   Next: 93%
Magic:  9/9        EV: 12    Int: 12    God:
Gold:   10         SH:  0    Dex: 11    Spells: 10/12 levels left

rFire   . . .      SeeInvis .   a - +0 spear
rCold   . . .      Faith    .   (no shield)
rNeg    . . .      Spirit   .   b - +0 leather armour
rPois   .          Reflect  .   t - +0 helmet
rElec   .          Harm     .   f - +0 cloak
rCorr   .          Rampage  .   (no gloves)
Will    .....                   (no boots)
Stlth   +.........              q - amulet of the acrobat
HPRegen 0.10/turn               (no ring)
MPRegen 0.11/turn               (no ring)

@: no status effects
A: fangs 1, strong nose, distributed training
a: no special abilities


You were on level 3 of the Dungeon.
You visited 1 branch of the dungeon, and saw 3 of its levels.

You collected 114 gold pieces.
You spent 104 gold pieces at shops.

Inventory:

Hand Weapons
 a - a +0 spear (weapon)
Missiles
 d - 5 boomerangs of dispersal (quivered)
 e - 18 arrows
 g - 125 stones
 h - 37 bolts
 j - 3 poisoned darts
Armour
 b - a +0 leather armour (worn)
 f - a +0 cloak (worn)
 t - a +0 helmet (worn)
Jewellery
 o - a ring of fire
 q - an amulet of the acrobat (around neck)
Scrolls
 c - a scroll of blinking
 i - 3 scrolls of identify {unknown}
 m - a scroll of holy word {unknown}
 n - a scroll of amnesia {unknown}
 r - a scroll of immolation {unknown}
Potions
 k - 2 potions of degeneration
 l - 2 potions of curing
 p - a potion of ambrosia {unknown}
 s - a potion of mutation {unknown}
 u - a potion of might


   Skills:
 + Level 4.6 Fighting
 + Level 1.0 Short Blades
 + Level 1.0 Long Blades
 + Level 1.0 Axes
 + Level 1.0 Maces & Flails
 + Level 4.6 Polearms
 + Level 1.0 Staves
 + Level 1.0 Slings
 + Level 1.0 Bows
 + Level 1.0 Crossbows
 + Level 2.6 Throwing
 + Level 2.6 Armour
 + Level 4.6 Dodging
 + Level 1.0 Stealth
 + Level 1.0 Shields
 + Level 1.0 Unarmed Combat
 + Level 5.0 Spellcasting
 + Level 0.7 Conjurations
 + Level 0.7 Hexes
 + Level 0.7 Summonings
 + Level 0.7 Necromancy
 + Level 5.4 Translocations
 + Level 0.7 Transmutations
 + Level 0.7 Fire Magic
 + Level 0.7 Ice Magic
 + Level 0.7 Air Magic
 + Level 0.7 Earth Magic
 + Level 0.7 Poison Magic
 + Level 1.0 Invocations
 + Level 1.0 Evocations


You had 10 spell levels left.
You knew the following spells:

 Your Spells              Type           Power      Damage    Failure   Level
a - Blink                 Tloc           32%        N/A       4%          2

Your spell library contained the following spells:

 Spells                   Type           Power      Damage    Failure   Level
 Gell's Gravitas          Tloc           16%        N/A       9%          3
 Lesser Beckoning         Tloc           16%        N/A       9%          3
 Teleport Other           Tloc           16%        N/A       9%          3
 Magic Dart               Conj           16%        1d3       19%         1
 Call Imp                 Summ           4%         N/A       28%         2
 Mephitic Cloud           Conj/Pois/Air  4%         N/A       50%         3
 Manifold Assault         Tloc           16%        N/A       58%         5


Dungeon Overview and Level Annotations

Branches:
Dungeon (3/15)

Altars:

Shops:
D:1 !


Innate Abilities, Weirdness & Mutations

You have very sharp teeth.
Your uncanny sense of smell can sniff out nearby items.
Your experience applies equally to all skills.


Message History

You are too injured to fight recklessly!
You are too injured to fight recklessly!
You are too injured to fight recklessly!
You are too injured to fight recklessly!
You are too injured to fight recklessly!
You are too injured to fight recklessly!
Unknown command.
You barely miss the adder.
The adder is almost dead.
The adder misses you. The endoplasm freezes you.
You are frozen.
You closely miss the adder. Your bite misses the adder.
The adder is almost dead.
The adder bites you but does no damage. The adder bites you.
* * * LOW HITPOINT WARNING * * *
You hit the adder.
You kill the adder!
The endoplasm freezes you.
You are frozen.
* * * LOW HITPOINT WARNING * * *
Your Short Blades skill increases to level 1!
Your Long Blades skill increases to level 1!
Your Axes skill increases to level 1!
Your Maces & Flails skill increases to level 1!
Your Staves skill increases to level 1!
Your Slings skill increases to level 1!
Your Bows skill increases to level 1!
Your Crossbows skill increases to level 1!
Your Stealth skill increases to level 1!
Your Shields skill increases to level 1!
Your Unarmed Combat skill increases to level 1!
Your Evocations skill increases to level 1!
There is a stone staircase leading up here.
You hit the endoplasm but do no damage. The endoplasm hits you.
* * * LOW HITPOINT WARNING * * *
You hit the endoplasm but do no damage.
The endoplasm hits you but does no damage.
The endoplasm freezes you.
You are frozen.
You die...

#######
#.#.#.###
........
###.#.#.#
#....... ∆
..>##.#.#.#.#...
.......@Jr......
......#.#.#.#...
....# ##.... ...
...## . ∆ ....
..... ∆ ......
.......


You could see an endoplasm and a rat.

Vanquished Creatures
  An adder (D:3)
  A worm (D:2)
  A dart slug (D:2)
  2 ball pythons (D:2)
  2 bats (D:1)
  6 endoplasms
  3 giant cockroaches (D:1)
  3 goblins
  3 hobgoblins
  2 quokkas
  A frilled lizard (D:2)
  5 kobolds
  9 rats
39 creatures vanquished.

Notes
Turn   | Place    | Note
-------+----------+-------------------------------------------
     0 | D:1      | Ablot the Gnoll Warper began the quest for the Orb.
     0 | D:1      | Reached XP level 1. HP: 20/20 MP: 6/6
   179 | D:1      | Reached XP level 2. HP: 26/26 MP: 7/7
   182 | D:1      | Learned a level 2 spell: Blink
   346 | D:1      | Found Tuph's Distillery.
   377 | D:1      | Bought a potion of degeneration for 13 gold pieces
   377 | D:1      | Bought a potion of curing for 39 gold pieces
   652 | D:2      | Reached skill level 5 in Spellcasting
   652 | D:2      | Reached XP level 3. HP: 31/31 MP: 7/9
  1082 | D:2      | Reached skill level 1 in Invocations
  1575 | D:1      | Bought a potion of might for 52 gold pieces
  1647 | D:3      | Reached skill level 1 in Short Blades
  1647 | D:3      | Reached skill level 1 in Long Blades
  1647 | D:3      | Reached skill level 1 in Axes
  1647 | D:3      | Reached skill level 1 in Maces & Flails
  1647 | D:3      | Reached skill level 1 in Staves
  1647 | D:3      | Reached skill level 1 in Slings
  1647 | D:3      | Reached skill level 1 in Bows
  1647 | D:3      | Reached skill level 1 in Crossbows
  1647 | D:3      | Reached skill level 1 in Stealth
  1647 | D:3      | Reached skill level 1 in Shields
  1647 | D:3      | Reached skill level 1 in Unarmed Combat
  1647 | D:3      | Reached skill level 1 in Evocations
  1650 | D:3      | Frozen to death by an endoplasm

Illustrated notes

Levels and vault maps discovered:
D:1:      heliophobic_arrival_ceremonial_halls, layout_rooms, serial_shops,
          shop, minmay_rat_gold_closets
D:2:      layout_loops_ring, minmay_nonomino_d4
D:3:      layout_rooms, mainiacjoe_overflow_small_starburst,
          dreamdust_ecumenical_altar_statues, palyth_stone_intersect,
          st_stairs_8, minmay_misc_feat_tower, kennysheep_cluttered_room,
          uniq_crazy_yiuf_cottage, uniq_ijyb

Skill      XL: |  1  2  3 |
---------------+----------+-----
Spellcasting   | 5 |  5.0
Invocations    | 1 |  1.0
Short Blades   | 1 |  1.0
Long Blades    | 1 |  1.0
Axes           | 1 |  1.0
Maces & Flails | 1 |  1.0
Staves         | 1 |  1.0
Slings         | 1 |  1.0
Bows           | 1 |  1.0
Crossbows      | 1 |  1.0
Stealth        | 1 |  1.0
Shields        | 1 |  1.0
Unarmed Combat | 1 |  1.0
Evocations     | 1 |  1.0
Fighting       | |  4.6
Polearms       | |  4.6
Throwing       | |  2.6
Armour         | |  2.6
Dodging        | |  4.6
Conjurations   | |  0.7
Hexes          | |  0.7
Summonings     | |  0.7
Necromancy     | |  0.7
Translocations | |  5.4
Transmutations | |  0.7
Fire Magic     | |  0.7
Ice Magic      | |  0.7
Air Magic      | |  0.7
Earth Magic    | |  0.7
Poison Magic   | |  0.7

Action                   || total
-------------------------++-------
Melee: Spear             ||   126
       Bite              ||    12
       Punch             ||     1
 Stab: Sleeping          ||     2
Armor: Leather armour    ||    24
Dodge: Dodged            ||    59
